 Dungeon Crawl Stone Soup version 0.30-a0-381-g6ea064c7b4 (webtiles) character file.

Game seed: 1196218317001187346

98053 MackTheKnife the Brawler (level 15, -18/156 HPs)
             Began as a Troll Cinder Acolyte on Dec 1, 2022.
             Was a Priest of Ignis.
             Demolished by a frost giant
             ... wielding a +3 battleaxe of freezing
              (27 damage)
             ... in an ice cave.
             The game lasted 00:44:55 (23111 turns).

MackTheKnife the Brawler (Troll Cinder Acolyte)    Turns: 23111, Time: 00:44:56

Health: -18/156    AC: 25    Str: 26    XL:     15   Next: 73%
Magic:  0/15       EV: 10    Int: 10    God:    Ignis [***...]
Gold:   1151       SH: 11    Dex: 11    Spells: 16/16 levels left

rFire   . . .      SeeInvis .      - Unarmed
rCold   + . .      Faith    .    g - +0 kite shield
rNeg    . . .      Spirit   +    S - +1 acid dragon scales
rPois   .          Reflect  .    o - +2 hat {Will+}
rElec   .          Harm     .    x - +0 cloak
rCorr   +          Rampage  .    (gloves unavailable)
Will    ++...                    (boots unavailable)
Stlth   +.........               w - amulet of guardian spirit
HPRegen 1.26/turn                y - +4 ring of protection
MPRegen 0.14/turn                n - ring of ice

@: fiery-armoured, studying Dodging
A: large, unfitting armour, claws 3, regeneration 1, shaggy fur 1, tough skin 1
a: Renounce Religion, Fiery Armour, Foxfire Swarm, Rising Flame


You were in an ice cave.
You worshipped Ignis.
Ignis was most pleased with you.
You visited 4 branches of the dungeon, and saw 23 of its levels.
You also visited: Ossuary and Ice Cave.

You collected 2795 gold pieces.
You spent 1644 gold pieces at shops.


Innate Abilities, Weirdness & Mutations

You are too large for most types of armour.
You have claws for hands.
Your natural rate of healing is unusually fast.
You are covered in fur. (AC +1)
You have tough skin. (AC +1)


   Skills:
 - Level 11.8 Fighting
 - Level 7.3 Throwing
 - Level 6.3 Armour
 - Level 6.3 Dodging
 + Level 12.4 Shields
 - Level 15.5 Unarmed Combat
 - Level 1.0 Spellcasting
 - Level 2.1 Fire Magic
 - Level 6.0 Evocations


You had 16 spell levels left.
You didn't know any spells.
Your spell library contained the following spells:

 Spells                   Type           Power      Damage    Failure   Level
 Foxfire                  Conj/Fire      8%         2x1d4     41%         1
 Scorch                   Fire           8%         2d5       41%         2
 Apportation              Tloc           0%         N/A       56%         1
 Beastly Appendage        Tmut           0%         N/A       56%         1
 Freeze                   Ice            0%         1d3       56%         1
 Magic Dart               Conj           0%         1d3       56%         1
 Shock                    Conj/Air       0%         1d3       56%         1
 Call Imp                 Summ           0%         N/A       71%         2
 Ensorcelled Hibernation  Hex/Ice        0%         N/A       71%         2
 Static Discharge         Conj/Air       0%         2-2/arc   71%         2
 Sublimation of Blood     Necr           0%         N/A       71%         2
 Wereblood                Tmut           0%         N/A       71%         2
 Ignite Poison            Fire/Tmut/Pois 1%         N/A       85%         3
 Dazzling Flash           Conj/Hex       0%         N/A       91%         3
 Frozen Ramparts          Ice            0%         1d1       91%         3
 Hailstorm                Conj/Ice       0%         3d3       91%         3
 Mephitic Cloud           Conj/Pois/Air  0%         N/A       91%         3
 Spider Form              Tmut/Pois      0%         N/A       91%         3
 Swiftness                Air            0%         N/A       91%         3
 Vhi's Electric Charge    Tloc/Air       0%         N/A       91%         3
 Airstrike                Air            0%         2d(0-16)  100%        4
 Anguish                  Hex/Necr       0%         N/A       100%        4
 Animate Armour           Summ/Erth      0%         N/A       100%        4
 Iskenderun's Mystic Bla  Conj/Tloc      0%         2d3       100%        4
 Petrify                  Tmut/Erth      0%         N/A       100%        4
 Agony                    Necr           0%         N/A       100%        5
 Alistair's Intoxication  Tmut/Pois      0%         N/A       100%        5
 Arcjolt                  Conj/Air       0%         1d10      100%        5
 Blade Hands              Tmut           0%         N/A       100%        5
 Fireball                 Conj/Fire      1%         3d3       100%        5
 Lightning Bolt           Conj/Air       0%         1d11      100%        5
 Silence                  Hex/Air        0%         N/A       100%        5
 Yara's Violent Unravell  Hex/Tmut       0%         3d3       100%        5
 Iron Shot                Conj/Erth      0%         9d1       100%        6
 Starburst                Conj/Fire      1%         6d3       100%        6
 Enfeeble                 Hex            0%         N/A       100%        7
 Summon Hydra             Summ           0%         N/A       100%        7

Inventory:

Missiles
 d - 8 stones {throwing}
 v - 24 large rocks (quivered) {=fthrowing}
Armour
 f - a +0 tower shield
   (You took it off Louise on level 15 of the Dungeon)
 g - a +0 kite shield (worn)
   (You took it off a vault guard on level 14 of the Dungeon)
 o - a +2 hat of willpower (worn)
   (You took it off Gastronok on level 1 of the Lair of Beasts)
 x - a +0 cloak (worn)
   (You found it on level 4 of the Lair of Beasts)
 S - +1 acid dragon scales (worn)
   (You took it off Maggie on level 8 of the Dungeon)
Jewellery
 n - a ring of ice (right claw)
   (You took it off Fannar on level 10 of the Dungeon)
 t - a ring of willpower
   (You found it on level 5 of the Dungeon)
 w - an amulet of guardian spirit (around neck)
   (You bought it in a shop on level 5 of the Dungeon)
 y - a +4 ring of protection (left claw)
   (You found it on level 4 of the Lair of Beasts)
 E - a ring of poison resistance
   (You bought it in a shop on level 5 of the Dungeon)
 H - a ring of fire
   (You found it on level 14 of the Dungeon)
 J - an amulet of reflection
   (You found it on level 14 of the Dungeon)
 Q - the ring "Celymo" {rF+ Str+2}
   (You bought it in a shop on level 5 of the Dungeon)

   [ring of protection from fire]

   Str:       It affects your strength (+2).
   rF:        It protects you from fire.
Wands
 a - a wand of charming (29)
   (You found it on level 10 of the Dungeon)
 l - a wand of roots (9)
   (You took it off Sigmund on level 2 of the Dungeon)
 D - a wand of mindburst (6)
   (You found it in an ice cave)
 I - a wand of polymorph (7)
   (You found it on level 14 of the Dungeon)
 K - a wand of flame (34)
   (You found it on level 7 of the Dungeon)
Scrolls
 b - a scroll of blinking {!r}
 e - 9 scrolls of amnesia
 k - a scroll of identify {@r1}
 m - 7 scrolls of teleportation {@r4}
 s - 4 scrolls of immolation {!r!r}
 B - a scroll of enchant armour
 M - a scroll of fog
Potions
 c - 5 potions of resistance
 h - 8 potions of curing {@q1}
 i - 4 potions of magic
 j - 3 potions of ambrosia
 p - 6 potions of heal wounds {@q2}
 q - 3 potions of brilliance
 u - 4 potions of lignification {!q}
 z - a potion of attraction {!q}
 A - 10 potions of haste {@q3}
 C - 4 potions of cancellation
 F - 4 potions of berserk rage {!q}
 G - a potion of might
 T - a potion of mutation {!q}
 Y - 2 potions of invisibility
 Z - 2 potions of flight
Miscellaneous
 r - a phantom mirror
   (You found it on level 15 of the Dungeon)

Dungeon Overview and Level Annotations

Branches:
Dungeon (15/15) Zot: 24932  Temple (0/1) D:5            Lair (5/5) D:9 Zot: 24221
  Swamp (0/4) Lair:3       Spider (0/4) Lair:3        Slime (0/5) Lair:4
    Orc (2/2) D:9 Zot: 10841     Elf (1/3) Orc:2 Zot: 5975  Vaults (0/5) D:14
 Depths (0/4) D:15        Ossuary (visited)           IceCv (1/1) Zot: 5088

Altars:
Makhleb
Okawaru
Trog
Vehumet
Xom
Yredelemnul
Jiyva

Shops:
D:5 =   D:13 *   Orc:1 *!*   Orc:2 *[(:*

Annotations:
D:11 exclusion: downstairs
D:12 Jorgrun; Rupert
Lair:1 2 transporters, crasatator's ghost, novice TrBe
Orc:2 exclusion: upstairs

.# ##.....#.## ##
##.....## ##...####
####...##
#######....###
#....#...### ā€
##....### ###
######## ######.##
.### ##[.)#.#@###
...## #..āŒ ..###C.#
....######...##Cā€
###
##..[..#####..##k.u#
##.)..[####..###k.k#
###....#...##


hkC.# ####...### p..## ##### .### .$ You could see a frost giant.


Message History

You are encased in ice. šŸ˜® HP[+5] MP[-1]
You regained 5 hp, and now have 91/156 hp.
You lost 1 mp, and now have 10/15 mp.
You closely miss the rime drake.
You block the rime drake's attack. šŸ˜® HP[+1] Unknown command.
You eviscerate the rime drake!!!
You kill the rime drake! šŸ˜® HP[+1] Unknown command. šŸ˜® HP[+1]
You claw the frost giant!
The frost giant gestures at you while chanting.
The bolt of cold misses you. šŸ˜® HP[+1] MP[+1] Unknown command.
You mangle the frost giant!! The ice encasing you melts away.
The frost giant hits you with a +2 battleaxe of freezing!
The frost giant freezes you.
The frost giant is burned by your cloak of flames. šŸ˜® HP[-12] MP[-2]
You take 12 damage, and now have 83/156 hp.
You lost 2 mp, and now have 9/15 mp.
Unknown command.
You mangle the frost giant!!
The frost giant completely misses you. šŸ˜® HP[+1] Unknown command.
You claw the frost giant! šŸ˜® HP[+1] Unknown command.
You barely miss the frost giant.
The frost giant points at you and mumbles some strange words.
The bolt of cold hits you!! You resist.
* * * LOW HITPOINT WARNING * * *
šŸ˜Ø HP[-16] MP[-2]
You take 16 damage, and now have 69/156 hp.
You lost 2 mp, and now have 7/15 mp.
Unknown command.
You scratch the frost giant but do no damage.
The frost giant hits you with a +2 battleaxe of freezing!
* * * LOW HITPOINT WARNING * * *
The frost giant freezes you.
* * * LOW HITPOINT WARNING * * *
The frost giant is burned by your cloak of flames. šŸ˜Ø HP[-8] MP[-1]
You take 8 damage, and now have 61/156 hp.
You lost 1 mp, and now have 6/15 mp.
Unknown command.
You scratch the frost giant.
The frost giant hits you with a +2 battleaxe of freezing!!
* * * LOW HITPOINT WARNING * * *
The frost giant freezes you.
* * * LOW HITPOINT WARNING * * *
The frost giant is burned by your cloak of flames. šŸ˜± HP[-24] MP[-2]
You take 24 damage, and now have 37/156 hp.
You lost 2 mp, and now have 4/15 mp.
Unknown command.
You scratch the frost giant but do no damage.
The frost giant hits you with a +2 battleaxe of freezing!
* * * LOW HITPOINT WARNING * * *
The frost giant freezes you.
* * * LOW HITPOINT WARNING * * *
šŸ˜± HP[-6] MP[-1]
You take 6 damage, and now have 31/156 hp.
You lost 1 mp, and now have 3/15 mp.
Unknown command.
You mangle the frost giant!! šŸ˜± HP[+1] Unknown command.
You claw the frost giant!
You kill the frost giant! šŸ˜± HP[+1] Unknown command.
You claw the frost giant! The frost giant casts a spell at you.
The bolt of cold hits you! You resist.
* * * LOW HITPOINT WARNING * * *
šŸ˜± HP[-11] MP[-1]
You take 11 damage, and now have 22/156 hp.
You lost 1 mp, and now have 2/15 mp.
Unknown command.
You claw the frost giant!
The frost giant points at you and mumbles some strange words.
The bolt of cold hits you! You resist.
* * * LOW HITPOINT WARNING * * *
šŸ˜± HP[-14] MP[-1]
You take 14 damage, and now have 8/156 hp.
You lost 1 mp, and now have 1/15 mp.
Unknown command.
You mangle the frost giant!! šŸ˜± HP[+1]
Okay, then.
Unknown command.
Unknown command.
The frost giant attacks as you move away!
The frost giant hits you with a +3 battleaxe of freezing!!
You die...

Skill      XL: |  1  2  3  4  5  6  7  8  9 10 11 12 13 14 15 |
---------------+----------------------------------------------+-----
Unarmed Combat | 4 6 8 9 10 11 12 13 15 | 15.5
Fighting       | 4 5 7 8 9 10 11 | 11.8
Armour         | 4 6 |  6.3
Dodging        | 4 6 |  6.3
Evocations     | 6 |  6.0
Shields        | 3 10 12 | 12.4
Throwing       | 4 7 |  7.3
Spellcasting   | |  1.0
Fire Magic     | |  2.1

Action                   |  1- 3 |  4- 6 |  7- 9 | 10-12 | 13-15 || total
-------------------------+-------+-------+-------+-------+-------++-------
Melee: Unarmed           |    88 |   147 |   264 |   588 |  1100 ||  2187
       Punch             |       |     2 |    15 |    36 |    56 ||   109
Throw: Large rock        |       |       |       |       |    15 ||    15
       Stone             |       |       |       |       |     1 ||     1
Invok: Fiery Armour      |       |     1 |       |       |     6 ||     7
Evoke: Wand              |       |       |     3 |     5 |     9 ||    17
  Use: Scroll            |       |     6 |    12 |    12 |    15 ||    45
       Potion            |       |       |       |     4 |     3 ||     7
 Stab: Invisible         |       |       |     1 |     2 |       ||     3
Armor: Robe              |    27 |    37 |    48 |       |       ||   112
       Acid dragon scale |       |       |    25 |   220 |   547 ||   792
Dodge: Dodged            |    40 |    52 |   113 |   275 |   459 ||   939
Block: Kite shield       |       |       |       |       |   212 ||   212

Levels and vault maps discovered:
D:1:      lemuel_arrival_behind_the_door_large, layout_basic
D:2:      layout_basic, st_stairs_4, uniq_sigmund
D:3:      layout_loops_ring, uniq_robin
D:4:      layout_cave_pods, minmay_pentomino_pile
D:5:      layout_cave_pods, minmay_temple_entry_slanted, serial_shops,
          nicolae_shop_behind_doors, enter_ossuary_1, fountainhead
D:6:      layout_basic, makhleb_altar_promises_db, lemuel_doored_altar,
          lightli_corner_chamber
D:7:      layout_rooms, minmay_misc_feat_four_crosses
D:8:      layout_basic, abandoned_shop, uniq_maggie, uniq_maurice, uniq_joseph
D:9:      layout_long_grid, mainiacjoe_overflow_paths,
          nicolae_yredelemnul_corpse_copse, okawaru_trees_1, lair_entry_dummy,
          orc_0_dummy
D:10:     cheibrodos_barr_body, layout_small_grid, uniq_fannar
D:11:     layout_loops_cross, uniq_erica
D:12:     layout_long_grid, uniq_jorgrun, uniq_rupert, uniq_snorg
D:13:     layout_rooms, serial_shops, shop, minmay_ruined_shrine
D:14:     layout_gridville, erik_vaults_2, nicolae_vehumet_altar_sigil
D:15:     gammafunk_depths_entry_grave, layout_loops_ring,
          kennysheep_pointless_box, lightli_fourway_metalbox, uniq_louise
Lair:1:   layout_small_grid, gammafunk_ghost_wrathful_warriors,
          lemuel_fruit_tree, serial_bayou_shore_b, grunt_megastairs_1,
          uniq_gastronok
Lair:2:   layout_cave_pods, chequers_serial_rivers_small_a
Lair:3:   layout_regular_city, skrybe_swamp_entry_bodies, spider_nest_entry_a,
          grunt_megastairs_4, infiniplex_staircase_pool
Lair:4:   layout_cave_pods, dpeg_slime_entry_enclosed,
          grunt_forest_small_clearing_treed
Lair:5:   grunt_lair_end_beastmaster, layout_regular_city,
          gauntlet_entry_generic, grunt_megastairs_3
Orc:1:    layout_caves, serial_shops, shop, nicolae_shop_overgrown_old_shop,
          shop_statue, nicolae_orc_sculptors_studio
Orc:2:    st_orc_rangers, layout_caves, serial_shops, nicolae_square_shop,
          mines_bat_river
Elf:1:    cheibrodos_wizards_tower, layout_geoelf_grid,
          portal_ice_cave_entry_pillars_1, orc_legates, door_vault, uniq_donald,
          uniq_asterion
IceCv:    ice_cave_caverns_01

Notes
Turn   | Place    | Note
-------+----------+-------------------------------------------
     0 | D:1      | MackTheKnife the Troll Cinder Acolyte began the quest for
                  | the Orb.
     0 | D:1      | Reached XP level 1. HP: 22/22 MP: 1/1
     0 | D:1      | magus.rc [v1.9.6]
   143 | D:1      | Reached XP level 2. HP: 29/29 MP: 2/2
   147 | D:1      | magus.rc [v1.9.6]
   348 | D:1      | Reached skill level 4 in Unarmed Combat
   504 | D:1      | Reached XP level 3. HP: 36/36 MP: 3/3
   890 | D:2      | Reached XP level 4. HP: 42/44 MP: 4/4
   927 | D:2      | Reached skill level 5 in Unarmed Combat
   999 | D:2      | Noticed Sigmund
  1015 | D:2      | Killed Sigmund
  1016 | D:2      | Reached skill level 6 in Unarmed Combat
  1016 | D:2      | Reached XP level 5. HP: 37/50 MP: 5/5
  1223 | D:2      | HP: 12/50 [orc priest/+0 flail (4)]
  1225 | D:2      | Reached XP level 6. HP: 15/59 MP: 6/6
  1229 | D:2      | HP: 9/59 [orc wizard/puff of flame (6)]
  1236 | D:2      | Reached skill level 7 in Unarmed Combat
  1652 | D:3      | You pick up a book of Party Tricks and begin reading...
  1652 | D:3      | You add the spells Apportation and Alistair's Intoxication
                  | to your library.
  2037 | D:3      | Noticed Robin
  2063 | D:3      | Killed Robin
  2448 | D:4      | Reached skill level 8 in Unarmed Combat
  2448 | D:4      | Reached XP level 7. HP: 54/66 MP: 7/7
  3060 | D:5      | Entered Level 5 of the Dungeon
  3062 | D:5      | Identified a scroll of acquirement
  3062 | D:5      | Acquired 956 gold pieces
  3157 | D:5      | Found a staircase to the Ecumenical Temple.
  3211 | D:5      | Found Cen Umei's Jewellery Boutique.
  3214 | D:5      | Bought an amulet of guardian spirit for 360 gold pieces
  3214 | D:5      | Bought the ring "Celymo" {rF+ Str+2} for 434 gold pieces
  3228 | D:5      | Reached skill level 3 in Fighting
  3330 | D:5      | Found a sand-covered staircase.
  3352 | Ossuary  | Entered an ossuary
  4093 | D:5      | Bought a ring of poison resistance for 240 gold pieces
  4143 | D:6      | Reached skill level 4 in Fighting
  4143 | D:6      | Reached skill level 9 in Unarmed Combat
  4143 | D:6      | Reached XP level 8. HP: 68/78 MP: 6/8
  4319 | D:6      | You pick up a book of Dreams and begin reading...
  4319 | D:6      | You add the spells Ensorcelled Hibernation, Spider Form and
                  | Anguish to your library.
  4405 | D:6      | Noticed a boulder beetle
  4406 | D:6      | Noticed a two-headed ogre
  4710 | D:6      | Reached skill level 5 in Fighting
  4932 | D:6      | Found a burning altar of Makhleb.
  4932 | D:6      | Noticed a blizzard demon
  4995 | D:6      | Found a shimmering altar of Xom.
  5182 | D:7      | Reached skill level 10 in Unarmed Combat
  5500 | D:7      | Reached XP level 9. HP: 89/89 MP: 9/9
  5516 | D:7      | Reached skill level 6 in Fighting
  5763 | D:8      | Noticed Joseph
  5777 | D:8      | Killed Joseph
  5866 | D:8      | Reached skill level 11 in Unarmed Combat
  5963 | D:8      | Noticed Maggie
  5980 | D:8      | Killed Maggie
  5981 | D:8      | Reached skill level 7 in Fighting
  6180 | D:8      | Noticed a two-headed ogre
  6188 | D:8      | Killed a two-headed ogre
  6189 | D:8      | Reached XP level 10. HP: 81/104 MP: 6/10
  6291 | D:8      | Reached skill level 12 in Unarmed Combat
  6315 | D:8      | You pick up a book of Frost and begin reading...
  6315 | D:8      | You add the spells Freeze, Frozen Ramparts and Hailstorm to
                  | your library.
  6786 | D:8      | Reached skill level 8 in Fighting
  6806 | D:8      | Noticed Maurice
  6830 | D:8      | Killed Maurice
  6831 | D:8      | Reached skill level 1 in Armour
  6831 | D:8      | Reached skill level 1 in Dodging
  6926 | D:9      | Found an iron altar of Okawaru.
  7104 | D:9      | You pick up a book of Spectacle and begin reading...
  7104 | D:9      | You add the spells Dazzling Flash, Iskenderun's Mystic
                  | Blast and Starburst to your library.
  7108 | D:9      | Found a bloodstained altar of Trog.
  7144 | D:9      | Reached skill level 2 in Armour
  7144 | D:9      | Reached skill level 2 in Dodging
  7182 | D:9      | HP: 24/104 [troll (9)]
  7207 | D:9      | HP: 25/104 [wyvern (5)]
  7273 | D:9      | Reached skill level 3 in Armour
  7273 | D:9      | Reached skill level 3 in Dodging
  7440 | D:9      | Found a staircase to the Lair.
  7645 | D:9      | Reached skill level 4 in Armour
  7645 | D:9      | Reached skill level 4 in Dodging
  7693 | D:9      | Found a basalt altar of Yredelemnul.
  7755 | D:9      | Found a staircase to the Orcish Mines.
  7997 | D:10     | Entered Level 10 of the Dungeon
  8062 | D:10     | You pick up a book of Misfortune and begin reading...
  8062 | D:10     | You add the spells Yara's Violent Unravelling and Enfeeble
                  | to your library.
  8071 | D:10     | Reached XP level 11. HP: 94/111 MP: 9/11
  8297 | D:10     | Reached skill level 5 in Armour
  8297 | D:10     | Reached skill level 5 in Dodging
  8701 | D:10     | Noticed a tengu warrior
  8710 | D:10     | Killed a tengu warrior
  8711 | D:10     | Reached skill level 6 in Armour
  8713 | D:10     | Reached skill level 6 in Dodging
  8807 | D:10     | Noticed Fannar
  8815 | D:10     | Killed Fannar
  9114 | D:11     | Noticed a purple ugly thing
  9179 | Lair:1   | Entered Level 1 of the Lair of Beasts
  9325 | Orc:1    | Entered Level 1 of the Orcish Mines
  9325 | Orc:1    | Found Hothriv's Distillery.
  9423 | Orc:1    | Noticed an orc sorcerer
  9442 | Orc:1    | Killed an orc sorcerer
  9530 | Orc:1    | Found Tadoregon's Assorted Antiques.
  9560 | Orc:1    | Bought a glowing scarf for 184 gold pieces
  9560 | Orc:1    | Bought a potion of heal wounds for 115 gold pieces
  9560 | Orc:1    | Bought a scroll labelled SAOTSI YVOO for 23 gold pieces
  9572 | Orc:1    | Found Kelloigh's Assorted Antiques.
  9722 | Orc:2    | Entered Level 2 of the Orcish Mines
  9863 | Lair:1   | You fall into a shaft and drop 1 floor!
 10009 | Lair:1   | Reached skill level 9 in Fighting
 10081 | Lair:1   | Noticed Gastronok
 10097 | Lair:1   | Killed Gastronok
 10098 | Lair:1   | Reached skill level 13 in Unarmed Combat
 10098 | Lair:1   | Reached XP level 12. HP: 75/123 MP: 6/12
 10156 | Lair:1   | You pick up a book of Blood and begin reading...
 10156 | Lair:1   | You add the spells Sublimation of Blood, Wereblood and
                  | Summon Hydra to your library.
 10188 | Lair:1   | Found a transporter.
 10197 | Lair:1   | Found a bloodstained altar of Trog.
 10197 | Lair:1   | Noticed crasatator's ghost (novice TrBe)
 10224 | Lair:1   | Found a transporter.
 10421 | Lair:1   | HP: 28/123 [komodo dragon (20)]
 10822 | Lair:1   | You add the spells Beastly Appendage, Ignite Poison and
                  | Petrify to your library.
 10822 | Lair:1   | Got the Catalogue of Evolution
 11119 | Lair:2   | You pick up a book of Air and begin reading...
 11119 | Lair:2   | You add the spells Shock, Swiftness and Airstrike to your
                  | library.
 12002 | Lair:3   | Reached skill level 1 in Evocations
 12032 | Lair:3   | Noticed a death yak
 12033 | Lair:3   | Noticed a death yak
 12041 | Lair:2   | Reached skill level 2 in Evocations
 12050 | Lair:2   | Killed a death yak
 12063 | Lair:3   | Noticed a death yak
 12063 | Lair:3   | Noticed a death yak
 12063 | Lair:3   | Noticed a death yak
 12064 | Lair:3   | Noticed a death yak
 12072 | Lair:3   | Killed a death yak
 12073 | Lair:3   | Reached skill level 3 in Evocations
 12077 | Lair:3   | Killed a death yak
 12079 | Lair:3   | Killed a death yak
 12080 | Lair:3   | Reached skill level 4 in Evocations
 12082 | Lair:3   | Killed a death yak
 12084 | Lair:3   | Killed a death yak
 12085 | Lair:3   | Reached skill level 5 in Evocations
 12168 | Lair:3   | Found a hole to the Spider Nest.
 12245 | Lair:3   | Identified the +7 trident "Somo" {venom, rF- Dex+9}
 12391 | Lair:3   | You pick up a book of Minor Magic and begin reading...
 12391 | Lair:3   | You add the spells Magic Dart, Call Imp and Mephitic Cloud
                  | to your library.
 12461 | Lair:3   | Found a staircase to the Swamp.
 12494 | Lair:3   | HP: 30/126 [cane toad (8)]
 12496 | Lair:3   | HP: 10/126 [cane toad (12)]
 12500 | Lair:3   | Reached skill level 6 in Evocations
 12501 | Lair:3   | HP: 11/126 [poisoned by a cane toad]
 12506 | Lair:3   | HP: 12/126 [poisoned by a cane toad]
 13344 | Lair:4   | Reached skill level 10 in Fighting
 13598 | Lair:4   | Reached XP level 13. HP: 133/133 MP: 13/13
 13634 | Lair:4   | Found a viscous altar of Jiyva.
 13635 | Lair:4   | Found a staircase to the Slime Pits.
 14106 | Lair:5   | Entered Level 5 of the Lair of Beasts
 14292 | Lair:5   | Reached skill level 14 in Unarmed Combat
 14368 | Lair:5   | You pick up a book of Lightning and begin reading...
 14368 | Lair:5   | You add the spells Static Discharge, Vhi's Electric Charge,
                  | Lightning Bolt and Arcjolt to your library.
 15226 | Lair:5   | Reached skill level 11 in Fighting
 15252 | Lair:5   | Reached skill level 15 in Unarmed Combat
 15287 | Lair:5   | You pick up a book of Iron and begin reading...
 15287 | Lair:5   | You add the spells Animate Armour, Blade Hands and Iron
                  | Shot to your library.
 15296 | Lair:5   | You pick up a book of Fire and begin reading...
 15296 | Lair:5   | You add the spells Foxfire and Fireball to your library.
 15759 | Orc:2    | Found a staircase to the Elven Halls.
 15903 | Orc:2    | Found Kucvaf's Assorted Antiques.
 15974 | Orc:1    | Noticed an orc warlord
 16221 | Orc:2    | Found Epsiopsy's Antique Armour Emporium.
 16221 | Orc:2    | Found Kalerch's Antique Weapon Shop.
 16223 | Orc:2    | Found Kiuda's Book Boutique.
 16225 | Orc:2    | Found Pashrutyrgh's Assorted Antiques.
 16241 | Orc:2    | Bought a notched silver ring for 180 gold pieces
 16403 | D:11     | Reached skill level 1 in Shields
 16988 | D:11     | Noticed Erica
 16994 | D:11     | Killed Erica
 16995 | D:11     | Reached skill level 2 in Shields
 17182 | D:12     | You pick up a book of the Senses and begin reading...
 17182 | D:12     | You add the spells Agony and Silence to your library.
 17204 | D:12     | Reached skill level 3 in Shields
 17204 | D:12     | Reached XP level 14. HP: 108/148 MP: 10/14
 17476 | D:12     | Reached skill level 4 in Shields
 17614 | D:12     | Noticed Jorgrun
 17614 | D:12     | Noticed Rupert
 17716 | D:13     | Reached skill level 5 in Shields
 17769 | D:13     | Reached skill level 6 in Shields
 17895 | D:12     | Noticed Snorg
 17907 | D:12     | Killed Snorg
 18144 | D:13     | Reached skill level 7 in Shields
 18174 | D:13     | Found a burning altar of Makhleb.
 18215 | D:13     | Reached skill level 8 in Shields
 18359 | D:13     | Found Jeuker's General Store.
 18365 | D:13     | Bought a potion of heal wounds for 60 gold pieces
 18365 | D:13     | Bought a potion of might for 48 gold pieces
 18471 | D:13     | magus.rc [v1.9.6]
 18979 | D:14     | Found a gate to the Vaults.
 19007 | D:14     | HP: 36/148 [poisoned by a vault guard]
 19012 | D:14     | HP: 27/148 [poisoned by a vault guard]
 19017 | D:14     | Reached skill level 9 in Shields
 19291 | D:14     | Found a radiant altar of Vehumet.
 19404 | D:14     | Reached skill level 10 in Shields
 19835 | D:14     | Reached skill level 1 in Throwing
 19951 | D:15     | Entered Level 15 of the Dungeon
 19971 | D:15     | Reached skill level 2 in Throwing
 20264 | D:15     | Reached skill level 3 in Throwing
 20353 | D:15     | Reached skill level 4 in Throwing
 20416 | D:15     | Reached XP level 15. HP: 142/156 MP: 8/15
 20771 | D:15     | Reached skill level 5 in Throwing
 20904 | D:15     | HP: 26/156 [deep elf archer/arrow (28)]
 21215 | D:15     | Reached skill level 6 in Throwing
 21336 | D:15     | Found a staircase to the Depths.
 21355 | D:15     | HP: 33/156 [juggernaut skeleton (11)]
 21372 | D:15     | HP: 37/156 [centaur warrior/arrow (9)]
 21496 | D:15     | Reached skill level 7 in Throwing
 21572 | D:15     | Noticed Louise
 21593 | D:15     | Killed Louise
 22135 | Elf:1    | Entered Level 1 of the Elven Halls
 22153 | Elf:1    | Found a frozen archway.
 22160 | IceCv    | Entered an ice cave
 22446 | IceCv    | Reached skill level 11 in Shields
 22822 | IceCv    | Acquired a manual of Dodging
 22962 | IceCv    | Reached skill level 12 in Shields
 23071 | IceCv    | Noticed a frost giant
 23071 | IceCv    | Noticed a frost giant
 23104 | IceCv    | HP: 37/156 [frost giant/+2 battleaxe of freezing (5)]
 23107 | IceCv    | Killed a frost giant
 23109 | IceCv    | HP: 8/156 [frost giant/bolt of cold (15)]
 23111 | IceCv    | Demolished by a frost giant

Vanquished Creatures
  Gastronok (Lair:1)
  A frost giant (IceCv)
  Louise (D:15)
  A juggernaut skeleton (D:15)
  A white draconian (IceCv)
  Snorg (D:12)
  Fannar (D:10)
  8 vault guards (D:14)
  A catoblepas (Lair:5)
  An ice dragon (IceCv)
  A rakshasa (D:13)
  3 hydras
  Erica (D:11)
  An ogre mage (D:13)
  4 ironbound frosthearts (IceCv)
  4 centaur warriors
  6 two-headed ogres
  4 boulder beetles
  4 tengu warriors
  11 death yaks
  A deep troll shaman (Lair:5)
  A titan zombie (D:15)
  A golden dragon zombie (D:15)
  9 skeletal warriors
  A flayed ghost (D:15)
  A lindwurm (Lair:5)
  An orange crystal statue (IceCv)
  2 bog bodies (Lair:3)
  An orc knight (Orc:2)
  A necromancer (D:14)
  12 ugly things
  3 deep elf pyromancers
  2 orc sorcerers
  A frost giant zombie (D:15)
  4 manticores
  4 elephants (Lair:5)
  7 cyclopes
  Maurice (D:8)
  A guardian serpent (shapeshifter) (D:13)
  A black mamba (shapeshifter) (D:13)
  Joseph (D:8)
  3 black mambas
  2 gargoyles
  Maggie (D:8)
  9 cane toads
  An unseen horror (D:12)
  An unseen horror zombie (D:9)
  9 rime drakes
  An efreet (D:14)
  9 komodo dragons
  A freezing wraith (D:15)
  5 yaktaurs (D:15)
  A guardian mummy (D:15)
  10 trolls
  3 meliai (D:15)
  27 polar bears
  7 slime creatures
  A raiju (shapeshifter) (D:15)
  5 blink frogs (Lair:1)
  A centaur simulacrum (D:13)
  2 jumping spiders (Lair:3)
  Sigmund (D:2)
  A shadow (D:10)
  8 wyverns
  2 wraiths (D:10)
  A golden eye (shapeshifter) (D:10)
  20 yaks
  3 basilisks
  6 vampire mosquitoes (D:12)
  A warg (Orc:1)
  6 acid dragons
  10 water moccasins
  2 hornet zombies (D:9)
  29 orc warriors
  2 sky beasts
  4 ogres
  9 wolves
  17 centaurs
  A phantom (D:6)
  11 bullfrogs
  2 kobold brigands (D:10)
  A gnoll sergeant (Orc:1)
  2 necrophages (D:6)
  3 scorpions
  10 wights
  11 killer bees
  9 howler monkeys
  6 centaur zombies
  A hound (D:5)
  9 orc priests
  A gnoll bouda (D:7)
  A jelly (D:6)
  7 hell rats (Lair:5)
  15 orc wizards
  8 iguanas
  A killer bee zombie (D:9)
  Robin (D:3)
  A howler monkey zombie (D:9)
  4 mummies (Ossuary)
  17 gnolls
  7 adders
  A white imp (D:8)
  2 ufetubi
  2 worms
  3 dart slugs
  54 orcs
  2 endoplasms
  3 giant cockroaches
  12 goblins
  14 hobgoblins
  10 jackals
  18 kobolds
  3 quokkas
  6 ball pythons
  7 bats
  6 frilled lizards
  4 hobgoblin zombies (Ossuary)
  7 rats
616 creatures vanquished.

Vanquished Creatures (others)
  A rime drake (IceCv)
  A wight (D:9)
  An orc (Orc:2)
  A bush (Lair:5)
  19 fungi
  30 plants
  12 withered plants (D:15)
65 creatures vanquished.

Grand Total: 681 creatures vanquished

Table legend:
 A = Non-vault XP
 B = Vault XP
 C = Vault XP percentage of total XP
 D = Non-vault monster count
 E = Vault monster count
 F = Vault count percentage of total count
                 A         B        C        D         E       F
            +---------+---------+-------+---------+---------+-------
      Total |   70658 |   69418 |  49.6 |     413 |     204 |  33.1
            +---------+---------+-------+---------+---------+-------
        D:1 |      48 |       0 |   0.0 |      30 |       0 |   0.0
        D:2 |     152 |     242 |  61.4 |      27 |       5 |  15.6
        D:3 |      70 |      33 |  32.0 |      18 |       9 |  33.3
        D:4 |     186 |      22 |  10.6 |      16 |       4 |  20.0
        D:5 |     457 |       0 |   0.0 |       9 |       0 |   0.0
        D:6 |     879 |       0 |   0.0 |      18 |       0 |   0.0
        D:7 |     953 |       0 |   0.0 |      18 |       0 |   0.0
        D:8 |    2082 |    1364 |  39.6 |      24 |       3 |  11.1
        D:9 |    3281 |     881 |  21.2 |      26 |       9 |  25.7
       D:10 |     977 |    4058 |  80.6 |      12 |      15 |  55.6
       D:11 |    1944 |     844 |  30.3 |      10 |       1 |   9.1
       D:12 |    5422 |     900 |  14.2 |      17 |       1 |   5.6
       D:13 |    8725 |    3869 |  30.7 |      15 |       9 |  37.5
       D:14 |    7600 |    7499 |  49.7 |      15 |       9 |  37.5
       D:15 |   11482 |    8130 |  41.5 |      21 |      12 |  36.4
     Lair:1 |    6157 |    1549 |  20.1 |      27 |       1 |   3.6
     Lair:2 |    3434 |       0 |   0.0 |      15 |       0 |   0.0
     Lair:3 |    5500 |    2098 |  27.6 |      10 |       6 |  37.5
     Lair:4 |    3182 |       0 |   0.0 |      12 |       0 |   0.0
     Lair:5 |    4853 |   11491 |  70.3 |      19 |      22 |  53.7
      Orc:1 |    1483 |       0 |   0.0 |      21 |       0 |   0.0
      Orc:2 |    1791 |    4443 |  71.3 |      33 |      40 |  54.8
    Ossuary |       0 |     170 | 100.0 |       0 |      10 | 100.0
      IceCv |       0 |   21825 | 100.0 |       0 |      48 | 100.0
            +---------+---------+-------+---------+---------+-------

Illustrated notes

Table legend:
 A = Kills in this place as a percentage of kills in entire the game.
 B = Kills by you in this place as a percentage of kills by you in the entire game.
 C = Kills by friends in this place as a percentage of kills by friends in the entire game.
 D = Other kills in this place as a percentage of other kills in the entire game.
 E = Experience gained in this place as a percentage of experience gained in the entire game.
 F = Experience gained in this place divided by the number of levels of this place that you have seen.
                   A       B       C       D       E      F
               +-------+-------+-------+-------+-------+----------------------
         Total | 100.0 | 100.0 |   N/A | 100.0 | 100.0 | 5603.0
       Dungeon |  57.2 |  57.3 |   N/A |   0.0 |  51.5 | 4806.7
          Lair |  18.2 |  18.2 |   N/A |   0.0 |  27.3 | 7652.8
  Orcish Mines |  15.2 |  15.3 |   N/A |   0.0 |   5.5 | 3858.5
       Ossuary |   1.6 |   1.6 |   N/A |   0.0 |   0.1 | 170.0
      Ice Cave |   7.8 |   7.6 |   N/A | 100.0 |  15.6 | 21825.0
               +-------+-------+-------+-------+-------+----------------------

Table legend: (Time is in decaauts)
 A = Elapsed time spent in this place.
 B = Non-inter-level travel time spent in this place.
 C = Inter-level travel time spent in this place.
 D = Time resting spent in this place.
 E = Time spent auto-exploring this place.
 F = Levels seen in this place.
 G = Mean time per level.
                   A        B        C        D        E       F      G
               +--------+--------+--------+--------+--------+-----+--------+
         Total |  22655 |  21296 |   1359 |   2411 |  13995 |  25 |  906.2 |
       Dungeon |  14654 |  13811 |    843 |   1647 |   9334 |  15 |  976.9 |
          Lair |   5778 |   5401 |    377 |    402 |   3908 |   5 | 1155.6 |
  Orcish Mines |   1158 |   1020 |    138 |     97 |    395 |   2 |  579.0 |
   Elven Halls |     24 |     24 |      0 |      0 |     17 |   1 |   24.0 |
       Ossuary |    127 |    127 |      0 |      0 |     60 |   1 |  127.0 |
      Ice Cave |    911 |    911 |      0 |    265 |    281 |   1 |  911.0 |
               +--------+--------+--------+--------+--------+-----+--------+

Top non-repeatable levels by time:
    D:14: 1804 daAuts
    D:15: 1563 daAuts
  Lair:1: 1309 daAuts
     D:9: 1232 daAuts
  Lair:4: 1209 daAuts
     D:8: 1205 daAuts
  Lair:5: 1156 daAuts
    D:10: 1126 daAuts
  Lair:3: 1060 daAuts
  Lair:2: 1042 daAuts
     D:2: 1002 daAuts
     D:6: 999 daAuts
     D:5: 932 daAuts
   IceCv: 911 daAuts
    D:11: 896 daAuts
